 Dungeon Crawl Stone Soup version 0.25.1-2-g60ff931df9 (webtiles) character file.

Game seed: 16370676417933610060

34521 gbos the Brawler (level 13, -2/127 HPs)
             Began as a Troll Monk on Nov 16, 2020.
             Was a High Priest of Okawaru.
             Splashed by an oklob plant's acid (7 damage)
             ... on level 11 of the Dungeon.
             The game lasted 00:02:30 (14063 turns).

gbos the Brawler (Troll Monk)                      Turns: 14063, Time: 00:02:31

Health: -2/127     AC:  7    Str: 26    XL:     13   Next: 42%
Magic:  12/19      EV: 11    Int:  6    God:    Okawaru [*****.]
Gold:   527        SH: 19    Dex: 12    Spells: 12/12 levels left

rFire    + + +     SeeInvis .     - Unarmed
rCold    . . .     Gourm    +   f - +0 tower shield
rNeg     . . .     Faith    +   p - +0 fire dragon scales
rPois    .         Spirit   .   (helmet restricted)
rElec    .         Reflect  .   (no cloak)
rCorr    .         Harm     .   (gloves unavailable)
MR       .....                  (boots unavailable)
Stlth    +.........             m - amulet of faith
HPRegen  0.71/turn              k - ring of protection from cold
MPRegen  0.16/turn              i - ring of protection from fire

@: about to teleport, heroism, finesse, corroded
A: large, unfitting armour, claws 3, fast metabolism 3, gourmand, regeneration
1, shaggy fur 1, tough skin 3
a: Heroism, Finesse, Renounce Religion


You were on level 11 of the Dungeon.
You worshipped Okawaru.
Okawaru was extremely pleased with you.
You were completely stuffed.

You visited 2 branches of the dungeon, and saw 16 of its levels.

You collected 798 gold pieces.
You spent 271 gold pieces at shops.


Innate Abilities, Weirdness & Mutations

You are too large for most types of armour.
You have claws for hands.
Your metabolism is lightning-fast.
You like to eat raw meat.
Your natural rate of healing is unusually fast.
You are covered in fur. (AC +1)
You have extremely tough skin. (AC +3)


   Skills:
 - Level 8.0(13.0) Fighting
 - Level 4.0(9.0) Armour
 - Level 3.0(8.0) Dodging
 - Level 1.0(6.0) Stealth
 + Level 7.7(12.7) Shields
 - Level 15.0(20.0) Unarmed Combat
 - Level 10.0 Invocations


You had 12 spell levels left.
You didn't know any spells.
Your spell library was empty.

Inventory:

Missiles
 l - 4 boomerangs
 t - 3 javelins
 w - 4 large rocks (quivered)
Armour
 f - a +0 tower shield (worn)
 p - +0 fire dragon scales (worn)
Jewellery
 a - an uncursed ring of resist corrosion
 i - a ring of protection from fire (right claw)
 k - a ring of protection from cold (left claw)
 m - an amulet of faith (around neck)
 n - an uncursed ring of positive energy
 r - an uncursed ring of fire
 s - an uncursed ring of positive energy
Scrolls
 b - 9 scrolls of remove curse
 g - 5 scrolls of teleportation
 h - 3 scrolls of enchant armour
 o - 2 scrolls of identify
Potions
 c - 4 potions of haste
 j - 6 potions of heal wounds
 q - a potion of berserk rage {unknown}
 u - a potion of degeneration {unknown}
 v - 3 potions of curing
 x - a potion of experience {unknown}
Comestibles
 d - 2 chunks of flesh
 e - 36 rations

Dungeon Overview and Level Annotations

Branches:
Dungeon (11/15)            Temple (0/1) D:7            Lair (5/6) D:9
 Shoals (0/4) Lair:4        Snake (0/4) Lair:3        Slime (0/5) Lair:5
    Orc: D:9-12

Altars:
Ashenzari
Fedhas
Okawaru
Jiyva

Shops:
D:4 ?   D:7 *!

Annotations:
D:6 3 runed translucent doors, Jaiteiro's ghost, novice NaWr
D:7 1 runed translucent door, othur's ghost, amateur GrFi


Message History

The oklob plant spits acid at you. The splash of acid hits you.
You are splashed with acid!
The oklob plant spits acid at you. The splash of acid hits you!
You are splashed with acid!
14060 ||| INVOKING Finesse.
You can now deal lightning-fast blows.
The oklob plant spits acid at you. The splash of acid hits you!
The acid corrodes you!
You are splashed with acid!
The oklob plant spits acid at you. The splash of acid hits you!
You are splashed with acid!
You see here a ration.
You completely miss the oklob plant. The oklob plant spits acid at you.
The splash of acid hits you!
You are splashed with acid!
14063 ||| READING 6 scrolls of teleportation.
As you read the scroll of teleportation, it crumbles to dust.
You feel strangely unstable. The oklob plant spits acid at you.
The splash of acid hits you! The acid corrodes you!
You are splashed with acid!
You die...

#.#.#######.#.##.#
#.#...#.....#/##..
#.###.#>#####.####
#.. #........)# 77
77777..####
7777777.77.#
77.$P77.7.7.#
7%_.7777.77.#
7$@..77.7)7.#
7P77.7.77.7.# 77
77.7.77..#
77.7777##


777777 #.# #.# ##.# ##..###### You could see 2 oklob plants.

Vanquished Creatures
  2 hydras
  5 two-headed ogres
  7 death yaks
  An unseen horror (D:10)
  A manticore (Lair:4)
  2 ugly things (D:11)
  A cyclops (D:11)
  Joseph (Lair:1)
  3 black mambas
  5 elephants (Lair:4)
  6 spiny frogs
  A rime drake (Lair:1)
  13 komodo dragons
  6 hippogriffs
  A shadow (D:11)
  A spriggan (D:7)
  21 yaks
  A basilisk (Lair:5)
  2 hell hounds (Lair:3)
  16 porcupines
  10 water moccasins
  4 ice beasts
  6 orc warriors
  A black bear (D:10)
  2 necrophages
  4 sky beasts
  4 ogres
  4 phantoms
  8 centaurs
  14 crocodiles
  14 bullfrogs
  A big kobold (D:10)
  A wyvern zombie (D:10)
  3 scorpions
  10 killer bees
  2 wights (D:5)
  3 howler monkeys (D:8)
  5 crimson imps
  3 quasits
  A bullfrog zombie (D:11)
  A centaur zombie (D:7)
  8 orc priests
  3 centaur skeletons
  2 jellies
  6 bullfrog skeletons
  6 hounds
  2 iguanas
  8 hell rats
  Natasha (thrice) (D:3)
  14 orc wizards
  Ijyb (D:3)
  9 worker ants
  A killer bee zombie (D:10)
  2 howler monkey zombies
  Robin (D:4)
  3 gnolls (D:4)
  A howler monkey skeleton (D:8)
  A worker ant zombie (D:5)
  8 adders
  4 shadow imps
  2 adder zombies
  2 worms
  3 dart slugs
  5 leopard geckos
  56 orcs
  3 giant cockroaches
  11 goblins
  12 hobgoblins
  6 jackals
  6 quokkas
  3 bats
  6 frilled lizards
  9 kobolds
  2 leopard gecko skeletons
  7 rats
413 creatures vanquished.

Vanquished Creatures (others)
  5 fungi
5 creatures vanquished.

Grand Total: 418 creatures vanquished

Notes
Turn   | Place    | Note
-------+----------+-------------------------------------------
     0 | D:1      | gbos the Troll Monk began the quest for the Orb.
     0 | D:1      | Reached XP level 1. HP: 22/22 MP: 0/0
     0 | D:1      | 0 ||| counter = 114
   300 | D:1      | Reached XP level 2. HP: 29/29 MP: 1/1
   897 | D:1      | 897 ||| UPGRADING to tower shield.
   902 | D:1      | 902 ||| READING scroll labeled XERPHINGEDAI.
   903 | D:1      | 903 ||| READING 2 scrolls labeled VATUEDD RIEHI.
   908 | D:1      | 908 ||| READING scroll labeled KIASTRI MILITO.
   909 | D:1      | 909 ||| READING scroll labeled NOEBLU LYENUOG.
   910 | D:1      | 910 ||| DRINKING 2 emerald potions.
   922 | D:2      | 922 ||| STAIRDANCE
   932 | D:2      | 932 ||| STAIRDANCE
  1143 | D:2      | Reached skill level 1 in Shields
  1275 | D:2      | Reached XP level 3. HP: 36/36 MP: 2/2
  1312 | D:2      | Reached skill level 4 in Unarmed Combat
  1497 | D:2      | 1497 ||| READING scroll labeled CICKACL VIELU.
  1743 | D:3      | Reached XP level 4. HP: 40/44 MP: 3/3
  1853 | D:3      | Noticed Natasha
  1862 | D:3      | Killed Natasha
  1862 | D:3      | Reached skill level 5 in Unarmed Combat
  1885 | D:3      | You fall into a shaft and drop 3 floors!
  1889 | D:6      | 1889 ||| Shafted from D:3 to D:6.
  1893 | D:5      | Entered Level 5 of the Dungeon
  2190 | D:5      | HP: 11/44 [wight/cursed +5 long sword (6)]
  2191 | D:5      | 2191 ||| READING 4 scrolls of teleportation.
  2191 | D:5      | HP: 2/44 [wight/cursed +3 falchion (4)]
  2204 | D:5      | 2204 ||| READING 3 scrolls of teleportation.
  2206 | D:5      | Reached XP level 5. HP: 9/50 MP: 4/4
  2208 | D:5      | 2208 ||| READING 2 scrolls of teleportation.
  2405 | D:3      | 2405 ||| Successfully unshafted to D:3.
  2405 | D:3      | Noticed Natasha
  2406 | D:3      | 2406 ||| Stepping ~*~*~tactically~*~*~ (outnumbered).
  2412 | D:3      | 2412 ||| Stepping ~*~*~tactically~*~*~ (outnumbered).
  2413 | D:3      | 2413 ||| Stepping ~*~*~tactically~*~*~ (outnumbered).
  2414 | D:3      | 2414 ||| Stepping ~*~*~tactically~*~*~ (outnumbered).
  2415 | D:3      | 2415 ||| Stepping ~*~*~tactically~*~*~ (outnumbered).
  2416 | D:3      | 2416 ||| Stepping ~*~*~tactically~*~*~ (outnumbered).
  2417 | D:3      | 2417 ||| Stepping ~*~*~tactically~*~*~ (outnumbered).
  2418 | D:3      | 2418 ||| Stepping ~*~*~tactically~*~*~ (outnumbered).
  2419 | D:3      | 2419 ||| Stepping ~*~*~tactically~*~*~ (outnumbered).
  2420 | D:3      | 2420 ||| Stepping ~*~*~tactically~*~*~ (outnumbered).
  2421 | D:3      | 2421 ||| Stepping ~*~*~tactically~*~*~ (outnumbered).
  2429 | D:3      | Killed Natasha
  2429 | D:3      | Reached skill level 6 in Unarmed Combat
  2429 | D:3      | Reached XP level 6. HP: 41/59 MP: 5/5
  2492 | D:3      | Noticed Ijyb
  2527 | D:3      | Killed Ijyb
  2546 | D:3      | Noticed Natasha
  2557 | D:3      | Killed Natasha
  2683 | D:3      | 2683 ||| UPGRADING to dented steel amulet.
  2684 | D:3      | 2684 ||| DROPPING amulet of regeneration.
  2685 | D:3      | 2685 ||| READING scroll labeled UBBEUMN TEWA.
  2686 | D:3      | 2686 ||| READING scroll labeled FOPSOGIDIB.
  2687 | D:3      | 2687 ||| DRINKING 2 metallic blue potions.
  2688 | D:3      | 2688 ||| DROPPING potion of stabbing.
  2708 | D:4      | Found Yzig's Magic Scroll Shop.
  2713 | D:4      | Bought a scroll of identify for 20 gold pieces
  2713 | D:4      | 2713 ||| SHOPLISTING 3 scrolls of enchant armour (225 gold,
                  | have 102).
  2713 | D:4      | Bought a scroll of enchant armour for 75 gold pieces
  2713 | D:4      | 2713 ||| SHOPLISTING scroll of teleportation (30 gold, have
                  | 27).
  2713 | D:4      | 2713 ||| SHOPLISTING scroll of enchant armour (75 gold,
                  | have 27).
  2713 | D:4      | Bought a scroll of identify for 20 gold pieces
  2713 | D:4      | 2713 ||| SHOPLISTING scroll of identify (20 gold, have 7).
  2748 | D:4      | Reached skill level 7 in Unarmed Combat
  2789 | D:4      | Noticed Robin
  2793 | D:4      | 2793 ||| Stepping ~*~*~tactically~*~*~ (outnumbered).
  2814 | D:4      | 2814 ||| Stepping ~*~*~tactically~*~*~ (outnumbered).
  2815 | D:4      | 2815 ||| Stepping ~*~*~tactically~*~*~ (outnumbered).
  2818 | D:4      | 2818 ||| Stepping ~*~*~tactically~*~*~ (outnumbered).
  2819 | D:4      | 2819 ||| Stepping ~*~*~tactically~*~*~ (outnumbered).
  2820 | D:4      | 2820 ||| Stepping ~*~*~tactically~*~*~ (outnumbered).
  2823 | D:4      | 2823 ||| Stepping ~*~*~tactically~*~*~ (outnumbered).
  2825 | D:4      | 2825 ||| Stepping ~*~*~tactically~*~*~ (outnumbered).
  2826 | D:4      | 2826 ||| Stepping ~*~*~tactically~*~*~ (outnumbered).
  2901 | D:4      | 2901 ||| Stepping ~*~*~tactically~*~*~ (outnumbered).
  2902 | D:4      | 2902 ||| Stepping ~*~*~tactically~*~*~ (outnumbered).
  2903 | D:4      | 2903 ||| Stepping ~*~*~tactically~*~*~ (outnumbered).
  2904 | D:4      | 2904 ||| Stepping ~*~*~tactically~*~*~ (outnumbered).
  2911 | D:4      | 2911 ||| Stepping ~*~*~tactically~*~*~ (outnumbered).
  2912 | D:4      | 2912 ||| Stepping ~*~*~tactically~*~*~ (outnumbered).
  2913 | D:4      | 2913 ||| Stepping ~*~*~tactically~*~*~ (outnumbered).
  2915 | D:4      | 2915 ||| Stepping ~*~*~tactically~*~*~ (outnumbered).
  2916 | D:4      | 2916 ||| Stepping ~*~*~tactically~*~*~ (outnumbered).
  2918 | D:4      | 2918 ||| Stepping ~*~*~tactically~*~*~ (outnumbered).
  2924 | D:4      | Reached XP level 7. HP: 58/66 MP: 6/6
  3072 | D:4      | Found an iron altar of Okawaru.
  3076 | D:4      | Became a worshipper of Warmaster Okawaru
  3076 | D:4      | Reached * piety under Okawaru
  3076 | D:4      | Reached ** piety under Okawaru
  3206 | D:4      | 3206 ||| INVOKING Heroism.
  3216 | D:4      | 3216 ||| Stepping ~*~*~tactically~*~*~ (outnumbered).
  3218 | D:4      | 3218 ||| INVOKING Heroism.
  3226 | D:4      | Reached skill level 8 in Unarmed Combat
  3226 | D:4      | Reached skill level 1 in Invocations
  3292 | D:4      | 3292 ||| INVOKING Heroism.
  3298 | D:4      | Killed Robin
  3370 | D:4      | 3370 ||| Stepping ~*~*~tactically~*~*~ (outnumbered).
  3467 | D:4      | 3467 ||| UPGRADING to ring of protection from cold.
  3468 | D:4      | 3468 ||| READING scroll labeled VOHYFY MABE.
  3469 | D:4      | 3469 ||| READING 4 scrolls of identify.
  3469 | D:4      | 3469 ||| IDENTIFYING smoky brown potion
  3470 | D:4      | 3470 ||| READING 3 scrolls of identify.
  3470 | D:4      | 3470 ||| IDENTIFYING dark potion
  3471 | D:4      | 3471 ||| READING 2 scrolls of identify.
  3471 | D:4      | 3471 ||| IDENTIFYING fizzy puce potion
  3472 | D:4      | 3472 ||| DROPPING potion of lignification.
  3473 | D:4      | 3473 ||| DROPPING potion of ambrosia.
  3491 | D:5      | 3491 ||| STAIRDANCE
  3495 | D:4      | Reached skill level 3 in Fighting
  3721 | D:6      | 3721 ||| DRINKING 2 potions of curing.
  3721 | D:6      | 3721 ||| (to cure confusion)
  3741 | D:6      | Noticed Jaiteiro's ghost (novice NaWr)
  3763 | D:6      | Found a runed translucent gate.
  3763 | D:6      | Found a runed translucent gate.
  3763 | D:6      | Found a runed translucent gate.
  3768 | D:6      | 3768 ||| INVOKING Heroism.
  3771 | D:6      | Reached skill level 3 in Invocations
  3771 | D:6      | Reached XP level 8. HP: 75/75 MP: 6/9
  3799 | D:6      | 3799 ||| INVOKING Heroism.
  3840 | D:6      | Reached skill level 3 in Shields
  3918 | D:6      | 3918 ||| INVOKING Heroism.
  3921 | D:6      | 3921 ||| Stepping ~*~*~tactically~*~*~ (outnumbered).
  3924 | D:6      | 3924 ||| Stepping ~*~*~tactically~*~*~ (outnumbered).
  3926 | D:6      | 3926 ||| Stepping ~*~*~tactically~*~*~ (outnumbered).
  4102 | D:6      | Reached *** piety under Okawaru
  4127 | D:6      | Reached skill level 9 in Unarmed Combat
  4259 | D:6      | 4259 ||| DRINKING potion of curing.
  4259 | D:6      | 4259 ||| (to cure confusion)
  4260 | D:6      | 4260 ||| INVOKING Heroism.
  4396 | D:6      | 4396 ||| UPGRADING to steel ring.
  4397 | D:6      | 4397 ||| UPGRADING to silver ring.
  4399 | D:6      | 4399 ||| REMOVING ring of fire.
  4400 | D:6      | 4400 ||| UPGRADING to ring of positive energy.
  4401 | D:6      | 4401 ||| UPGRADING to ring of protection from cold.
  4477 | D:7      | Reached skill level 10 in Unarmed Combat
  4626 | D:7      | Found a staircase to the Ecumenical Temple.
  4642 | D:7      | 4642 ||| INVOKING Heroism.
  4646 | D:7      | 4646 ||| Stepping ~*~*~tactically~*~*~ (outnumbered).
  4647 | D:7      | Reached XP level 9. HP: 83/83 MP: 8/11
  4648 | D:7      | 4648 ||| Stepping ~*~*~tactically~*~*~ (outnumbered).
  4650 | D:7      | 4650 ||| Stepping ~*~*~tactically~*~*~ (outnumbered).
  4653 | D:7      | 4653 ||| Stepping ~*~*~tactically~*~*~ (outnumbered).
  4666 | D:7      | 4666 ||| INVOKING Heroism.
  4685 | D:7      | 4685 ||| INVOKING Heroism.
  5050 | D:7      | Found Uxkiplupn's Distillery.
  5054 | D:7      | Bought a potion of heal wounds for 65 gold pieces
  5054 | D:7      | 5054 ||| SHOPLISTING potion of haste (130 gold, have 68).
  5054 | D:7      | Bought a potion of heal wounds for 65 gold pieces
  5054 | D:7      | 5054 ||| SHOPLISTING 2 potions of heal wounds (130 gold,
                  | have 3).
  5054 | D:7      | 5054 ||| SHOPLISTING potion of might (52 gold, have 3).
  5054 | D:7      | 5054 ||| SHOPLISTING 2 potions of curing (78 gold, have 3).
  5054 | D:7      | 5054 ||| SHOPLISTING potion of curing (39 gold, have 3).
  5091 | D:7      | 5091 ||| INVOKING Heroism.
  5134 | D:7      | Found a runed translucent door.
  5135 | D:7      | Noticed othur's ghost (amateur GrFi)
  5159 | D:7      | 5159 ||| INVOKING Heroism.
  5278 | D:7      | Found Faliufew's Assorted Antiques.
  5286 | D:7      | Bought a scroll labeled JOAFRIP MINU for 26 gold pieces
  5286 | D:7      | 5286 ||| SHOPLISTING scroll labeled XAID VILEFYESS (26
                  | gold, have 6).
  5286 | D:7      | 5286 ||| SHOPLISTING gold wand (104 gold, have 6).
  5286 | D:7      | 5286 ||| SHOPLISTING notched moonstone ring (130 gold, have
                  | 6).
  5343 | D:7      | 5343 ||| INVOKING Heroism.
  5532 | D:7      | 5532 ||| UPGRADING to triangular amethyst amulet.
  5534 | D:7      | 5534 ||| DROPPING amulet of regeneration.
  5535 | D:7      | 5535 ||| UPGRADING to shiny wooden ring.
  5537 | D:7      | 5537 ||| REMOVING ring of stealth.
  5538 | D:7      | 5538 ||| DROPPING ring of stealth.
  5539 | D:7      | 5539 ||| UPGRADING to ring of positive energy.
  5540 | D:7      | 5540 ||| UPGRADING to ring of protection from cold.
  5542 | D:7      | 5542 ||| READING scroll labeled JOAFRIP MINU.
  5543 | D:7      | 5543 ||| READING 3 scrolls of identify.
  5543 | D:7      | 5543 ||| IDENTIFYING orange potion
  5544 | D:7      | 5544 ||| READING 2 scrolls of identify.
  5544 | D:7      | 5544 ||| IDENTIFYING bubbling black potion
  5545 | D:7      | 5545 ||| DROPPING potion of magic.
  5546 | D:7      | 5546 ||| DROPPING potion of flight.
  5672 | D:8      | 5672 ||| INVOKING Heroism.
  5677 | D:8      | 5677 ||| Stepping ~*~*~tactically~*~*~ (outnumbered).
  5787 | D:8      | Reached skill level 11 in Unarmed Combat
  5835 | D:8      | Reached **** piety under Okawaru
  6036 | D:8      | 6036 ||| INVOKING Heroism.
  6177 | D:8      | 6177 ||| INVOKING Heroism.
  6205 | D:8      | 6205 ||| STAIRDANCE
  6237 | D:7      | 6237 ||| UPGRADING to fire dragon scales.
  6247 | D:7      | 6247 ||| DROPPING +0 robe.
  6536 | D:8      | Reached skill level 1 in Armour
  6726 | D:8      | 6726 ||| UPGRADING to ring of positive energy.
  6728 | D:8      | 6728 ||| UPGRADING to ring of protection from cold.
  6740 | D:9      | Noticed a two-headed ogre
  6741 | D:9      | 6741 ||| INVOKING Heroism.
  6745 | D:9      | Killed a two-headed ogre
  6745 | D:9      | Reached XP level 10. HP: 71/94 MP: 9/13
  6823 | D:9      | Noticed a death yak
  6823 | D:9      | Noticed a death yak
  6824 | D:9      | 6824 ||| INVOKING Heroism.
  6826 | D:9      | Noticed a death yak
  6830 | D:9      | Killed a death yak
  6830 | D:9      | Reached ***** piety under Okawaru
  6830 | D:9      | Reached skill level 6 in Invocations
  6831 | D:9      | 6831 ||| INVOKING Finesse.
  6835 | D:9      | Killed a death yak
  6843 | D:9      | Killed a death yak
  6871 | D:9      | 6871 ||| INVOKING Heroism.
  6916 | D:9      | Found a staircase to the Lair.
  6984 | D:9      | 6984 ||| INVOKING Heroism.
  7150 | D:9      | Noticed a two-headed ogre
  7154 | D:9      | 7154 ||| Stepping ~*~*~tactically~*~*~ (outnumbered).
  7155 | D:9      | 7155 ||| Stepping ~*~*~tactically~*~*~ (outnumbered).
  7166 | D:9      | Killed a two-headed ogre
  7166 | D:9      | Received a gift from Okawaru
  7166 | D:9      | Reached XP level 11. HP: 79/104 MP: 14/16
  7307 | Lair:1   | Entered Level 1 of the Lair of Beasts
  7308 | Lair:1   | 7308 ||| Entered L.
  7319 | Lair:1   | 7319 ||| INVOKING Heroism.
  7378 | Lair:1   | 7378 ||| INVOKING Heroism.
  7383 | Lair:1   | 7383 ||| Stepping ~*~*~tactically~*~*~ (outnumbered).
  7384 | Lair:1   | 7384 ||| Stepping ~*~*~tactically~*~*~ (outnumbered).
  7385 | Lair:1   | 7385 ||| Stepping ~*~*~tactically~*~*~ (outnumbered).
  7394 | Lair:1   | 7394 ||| Stepping ~*~*~tactically~*~*~ (outnumbered).
  7395 | Lair:1   | 7395 ||| Stepping ~*~*~tactically~*~*~ (outnumbered).
  7439 | Lair:1   | 7439 ||| INVOKING Heroism.
  7449 | Lair:1   | Reached skill level 12 in Unarmed Combat
  7496 | Lair:1   | 7496 ||| INVOKING Heroism.
  7548 | Lair:1   | 7548 ||| INVOKING Heroism.
  7554 | Lair:1   | Received a gift from Okawaru
  7578 | Lair:1   | Reached skill level 3 in Armour
  7778 | Lair:1   | Reached skill level 9 in Invocations
  7782 | Lair:1   | 7782 ||| INVOKING Heroism.
  7784 | Lair:1   | 7784 ||| Stepping ~*~*~tactically~*~*~ (outnumbered).
  7785 | Lair:1   | 7785 ||| Stepping ~*~*~tactically~*~*~ (outnumbered).
  7786 | Lair:1   | 7786 ||| Stepping ~*~*~tactically~*~*~ (outnumbered).
  7790 | Lair:1   | 7790 ||| Stepping ~*~*~tactically~*~*~ (outnumbered).
  7791 | Lair:1   | 7791 ||| Stepping ~*~*~tactically~*~*~ (outnumbered).
  7794 | Lair:1   | 7794 ||| Stepping ~*~*~tactically~*~*~ (outnumbered).
  7795 | Lair:1   | 7795 ||| Stepping ~*~*~tactically~*~*~ (outnumbered).
  7842 | Lair:1   | Noticed Joseph
  7858 | Lair:1   | Killed Joseph
  8013 | Lair:1   | Noticed a seven-headed hydra
  8014 | Lair:1   | 8014 ||| INVOKING Heroism.
  8015 | Lair:1   | 8015 ||| INVOKING Finesse.
  8024 | Lair:1   | Killed a 16-headed hydra
  8024 | Lair:1   | Received a gift from Okawaru
  8269 | Lair:1   | Found a shattered altar of Ashenzari.
  8784 | Lair:1   | 8784 ||| READING scroll labeled GAAT ZAAXTERIARCH.
  8785 | Lair:1   | 8785 ||| READING scroll labeled NOIROPP IBLIAC.
  8786 | Lair:1   | 8786 ||| READING scroll labeled XAID VILEFYESS.
  8787 | Lair:1   | 8787 ||| DRINKING 3 coppery potions.
  8788 | Lair:1   | 8788 ||| READING 2 scrolls of identify.
  8788 | Lair:1   | 8788 ||| IDENTIFYING purple potion
  8789 | Lair:1   | 8789 ||| DROPPING 2 potions of brilliance.
  8824 | Lair:2   | 8824 ||| INVOKING Heroism.
  8830 | Lair:2   | Reached skill level 13 in Unarmed Combat
  8902 | Lair:2   | Found the amulet of the Four Winds {rN+ MR+++ Clar}
  9105 | Lair:2   | 9105 ||| INVOKING Heroism.
  9116 | Lair:2   | Reached skill level 6 in Fighting
  9148 | Lair:2   | Reached XP level 12. HP: 114/114 MP: 18/18
  9158 | Lair:2   | 9158 ||| INVOKING Heroism.
  9330 | Lair:2   | 9330 ||| Stepping ~*~*~tactically~*~*~ (outnumbered).
  9331 | Lair:2   | 9331 ||| Stepping ~*~*~tactically~*~*~ (outnumbered).
  9333 | Lair:2   | 9333 ||| Stepping ~*~*~tactically~*~*~ (outnumbered).
  9426 | Lair:2   | Reached skill level 6 in Shields
  9662 | Lair:2   | 9662 ||| READING scroll labeled VABUEBL SICUE.
  9781 | Lair:3   | 9781 ||| Stepping ~*~*~tactically~*~*~ (outnumbered).
  9782 | Lair:3   | 9782 ||| Stepping ~*~*~tactically~*~*~ (outnumbered).
  9783 | Lair:3   | 9783 ||| Stepping ~*~*~tactically~*~*~ (outnumbered).
  9784 | Lair:3   | 9784 ||| Stepping ~*~*~tactically~*~*~ (outnumbered).
  9785 | Lair:3   | 9785 ||| Stepping ~*~*~tactically~*~*~ (outnumbered).
  9788 | Lair:3   | 9788 ||| Stepping ~*~*~tactically~*~*~ (outnumbered).
  9789 | Lair:3   | 9789 ||| Stepping ~*~*~tactically~*~*~ (outnumbered).
  9790 | Lair:3   | 9790 ||| Stepping ~*~*~tactically~*~*~ (outnumbered).
  9793 | Lair:3   | 9793 ||| Stepping ~*~*~tactically~*~*~ (outnumbered).
  9794 | Lair:3   | 9794 ||| Stepping ~*~*~tactically~*~*~ (outnumbered).
  9843 | Lair:3   | Found a staircase to the Snake Pit.
  9881 | Lair:3   | Reached skill level 3 in Dodging
  9887 | Lair:3   | Found a dark tunnel.
  9955 | Lair:3   | You fall into a shaft and drop 1 floor!
  9975 | Lair:4   | 9975 ||| Shafted from Lair:3 to Lair:4.
  9978 | Lair:4   | 9978 ||| INVOKING Heroism.
  9982 | Lair:4   | Noticed a death yak
  9983 | Lair:4   | 9983 ||| INVOKING Finesse.
  9987 | Lair:4   | 9987 ||| Stepping ~*~*~tactically~*~*~ (outnumbered).
  9987 | Lair:4   | Noticed a death yak
  9988 | Lair:4   | 9988 ||| Stepping ~*~*~tactically~*~*~ (outnumbered).
  9992 | Lair:4   | 9992 ||| Stepping ~*~*~tactically~*~*~ (outnumbered).
  9994 | Lair:4   | Noticed a death yak
  9997 | Lair:4   | Noticed a death yak
  9998 | Lair:4   | 9998 ||| Stepping ~*~*~tactically~*~*~ (outnumbered).
  9999 | Lair:4   | 9999 ||| Stepping ~*~*~tactically~*~*~ (outnumbered).
 10004 | Lair:4   | 10004 ||| Stepping ~*~*~tactically~*~*~ (outnumbered).
 10013 | Lair:4   | Killed a death yak
 10013 | Lair:4   | Reached ****** piety under Okawaru
 10017 | Lair:4   | 10017 ||| Stepping ~*~*~tactically~*~*~ (outnumbered).
 10020 | Lair:4   | 10020 ||| Stepping ~*~*~tactically~*~*~ (outnumbered).
 10021 | Lair:4   | 10021 ||| Stepping ~*~*~tactically~*~*~ (outnumbered).
 10022 | Lair:4   | 10022 ||| Stepping ~*~*~tactically~*~*~ (outnumbered).
 10023 | Lair:4   | 10023 ||| Stepping ~*~*~tactically~*~*~ (outnumbered).
 10026 | Lair:4   | Received a gift from Okawaru
 10030 | Lair:4   | 10030 ||| Stepping ~*~*~tactically~*~*~ (outnumbered).
 10039 | Lair:4   | 10039 ||| INVOKING Finesse.
 10044 | Lair:4   | Killed a death yak
 10044 | Lair:4   | Reached skill level 14 in Unarmed Combat
 10054 | Lair:4   | Killed a death yak
 10070 | Lair:4   | Killed a death yak
 10078 | Lair:4   | 10078 ||| INVOKING Heroism.
 10081 | Lair:4   | HP: 23/118 [komodo dragon (18)]
 10082 | Lair:4   | 10082 ||| READING 3 scrolls of teleportation.
 10082 | Lair:4   | HP: 7/118 [komodo dragon (15)]
 10083 | Lair:4   | 10083 ||| DRINKING 5 potions of heal wounds.
 10154 | Lair:4   | 10154 ||| INVOKING Heroism.
 10224 | Lair:3   | 10224 ||| Successfully unshafted to Lair:3.
 10530 | Lair:3   | 10530 ||| UPGRADING to opal ring.
 10532 | Lair:3   | 10532 ||| UPGRADING to ring of protection from cold.
 10674 | Lair:4   | Found a staircase to the Shoals.
 11006 | Lair:4   | 11006 ||| UPGRADING to glowing scarf {god gift}.
 11011 | Lair:4   | 11011 ||| REMOVING scarf of resistance.
 11016 | Lair:4   | 11016 ||| DROPPING scarf of resistance.
 11017 | Lair:4   | 11017 ||| READING 2 scrolls of identify.
 11017 | Lair:4   | 11017 ||| IDENTIFYING fuming silvery potion
 11018 | Lair:4   | 11018 ||| DROPPING potion of invisibility.
 11186 | Lair:5   | 11186 ||| INVOKING Heroism.
 11322 | Lair:5   | Received a gift from Okawaru
 11323 | Lair:5   | Found the +2 robe of Vines {NoPotionHeal Regen+7}
 11340 | Lair:5   | Found a staircase to the Slime Pits.
 11342 | Lair:5   | Found a viscous altar of Jiyva.
 11630 | Lair:5   | Reached XP level 13. HP: 122/124 MP: 19/19
 11838 | Lair:5   | 11838 ||| READING scroll labeled MOTANY BATHOCH.
 11839 | Lair:5   | 11839 ||| READING scroll labeled YMMELO UXKOWN.
 12073 | D:10     | Entered Level 10 of the Dungeon
 12256 | D:10     | 12256 ||| INVOKING Heroism.
 12261 | D:10     | 12261 ||| Stepping ~*~*~tactically~*~*~ (outnumbered).
 12262 | D:10     | 12262 ||| Stepping ~*~*~tactically~*~*~ (outnumbered).
 12263 | D:10     | 12263 ||| Stepping ~*~*~tactically~*~*~ (outnumbered).
 12266 | D:10     | 12266 ||| Stepping ~*~*~tactically~*~*~ (outnumbered).
 12267 | D:10     | 12267 ||| Stepping ~*~*~tactically~*~*~ (outnumbered).
 12268 | D:10     | 12268 ||| Stepping ~*~*~tactically~*~*~ (outnumbered).
 12269 | D:10     | 12269 ||| Stepping ~*~*~tactically~*~*~ (outnumbered).
 12270 | D:10     | 12270 ||| Stepping ~*~*~tactically~*~*~ (outnumbered).
 12271 | D:10     | 12271 ||| Stepping ~*~*~tactically~*~*~ (outnumbered).
 12272 | D:10     | 12272 ||| Stepping ~*~*~tactically~*~*~ (outnumbered).
 12273 | D:10     | 12273 ||| Stepping ~*~*~tactically~*~*~ (outnumbered).
 12274 | D:10     | 12274 ||| Stepping ~*~*~tactically~*~*~ (outnumbered).
 12275 | D:10     | 12275 ||| Stepping ~*~*~tactically~*~*~ (outnumbered).
 12276 | D:10     | 12276 ||| Stepping ~*~*~tactically~*~*~ (outnumbered).
 12277 | D:10     | 12277 ||| Stepping ~*~*~tactically~*~*~ (outnumbered).
 12278 | D:10     | 12278 ||| Stepping ~*~*~tactically~*~*~ (outnumbered).
 12279 | D:10     | 12279 ||| Stepping ~*~*~tactically~*~*~ (outnumbered).
 12280 | D:10     | 12280 ||| Stepping ~*~*~tactically~*~*~ (outnumbered).
 12281 | D:10     | 12281 ||| Stepping ~*~*~tactically~*~*~ (outnumbered).
 12284 | D:10     | 12284 ||| Stepping ~*~*~tactically~*~*~ (outnumbered).
 12289 | D:10     | 12289 ||| Stepping ~*~*~tactically~*~*~ (outnumbered).
 12292 | D:10     | 12292 ||| Stepping ~*~*~tactically~*~*~ (outnumbered).
 12293 | D:10     | 12293 ||| Stepping ~*~*~tactically~*~*~ (outnumbered).
 12294 | D:10     | 12294 ||| Stepping ~*~*~tactically~*~*~ (outnumbered).
 12295 | D:10     | 12295 ||| Stepping ~*~*~tactically~*~*~ (outnumbered).
 12296 | D:10     | 12296 ||| Stepping ~*~*~tactically~*~*~ (outnumbered).
 12299 | D:10     | 12299 ||| Stepping ~*~*~tactically~*~*~ (outnumbered).
 12302 | D:10     | 12302 ||| Stepping ~*~*~tactically~*~*~ (outnumbered).
 12304 | D:10     | 12304 ||| Stepping ~*~*~tactically~*~*~ (outnumbered).
 12305 | D:10     | 12305 ||| Stepping ~*~*~tactically~*~*~ (outnumbered).
 12306 | D:10     | 12306 ||| Stepping ~*~*~tactically~*~*~ (outnumbered).
 12307 | D:10     | 12307 ||| Stepping ~*~*~tactically~*~*~ (outnumbered).
 12308 | D:10     | 12308 ||| Stepping ~*~*~tactically~*~*~ (outnumbered).
 12309 | D:10     | 12309 ||| Stepping ~*~*~tactically~*~*~ (outnumbered).
 12310 | D:10     | 12310 ||| Stepping ~*~*~tactically~*~*~ (outnumbered).
 12314 | D:10     | 12314 ||| Stepping ~*~*~tactically~*~*~ (outnumbered).
 12316 | D:10     | 12316 ||| Stepping ~*~*~tactically~*~*~ (outnumbered).
 12317 | D:10     | 12317 ||| Stepping ~*~*~tactically~*~*~ (outnumbered).
 12318 | D:10     | 12318 ||| Stepping ~*~*~tactically~*~*~ (outnumbered).
 12319 | D:10     | 12319 ||| Stepping ~*~*~tactically~*~*~ (outnumbered).
 12320 | D:10     | 12320 ||| Stepping ~*~*~tactically~*~*~ (outnumbered).
 12326 | D:10     | 12326 ||| Stepping ~*~*~tactically~*~*~ (outnumbered).
 12327 | D:10     | 12327 ||| Stepping ~*~*~tactically~*~*~ (outnumbered).
 12328 | D:10     | 12328 ||| Stepping ~*~*~tactically~*~*~ (outnumbered).
 12329 | D:10     | 12329 ||| INVOKING Heroism.
 12330 | D:10     | 12330 ||| Stepping ~*~*~tactically~*~*~ (outnumbered).
 12331 | D:10     | 12331 ||| Stepping ~*~*~tactically~*~*~ (outnumbered).
 12332 | D:10     | 12332 ||| Stepping ~*~*~tactically~*~*~ (outnumbered).
 12333 | D:10     | 12333 ||| Stepping ~*~*~tactically~*~*~ (outnumbered).
 12338 | D:10     | 12338 ||| Stepping ~*~*~tactically~*~*~ (outnumbered).
 12345 | D:10     | 12345 ||| EATING 36 rations.
 12560 | D:10     | Reached skill level 15 in Unarmed Combat
 12627 | D:10     | 12627 ||| INVOKING Heroism.
 12630 | D:10     | 12630 ||| Stepping ~*~*~tactically~*~*~ (outnumbered).
 12633 | D:10     | 12633 ||| Stepping ~*~*~tactically~*~*~ (outnumbered).
 12634 | D:10     | 12634 ||| Stepping ~*~*~tactically~*~*~ (outnumbered).
 12635 | D:10     | 12635 ||| Stepping ~*~*~tactically~*~*~ (outnumbered).
 12636 | D:10     | 12636 ||| Stepping ~*~*~tactically~*~*~ (outnumbered).
 13158 | D:10     | 13158 ||| READING scroll labeled BAUFUG OFUMN.
 13176 | D:11     | 13176 ||| INVOKING Heroism.
 13177 | D:11     | 13177 ||| STAIRDANCE
 13198 | D:11     | 13198 ||| STAIRDANCE
 13372 | D:11     | 13372 ||| Stepping ~*~*~tactically~*~*~ (outnumbered).
 13395 | D:11     | 13395 ||| INVOKING Heroism.
 13511 | D:11     | 13511 ||| INVOKING Heroism.
 13513 | D:11     | 13513 ||| Stepping ~*~*~tactically~*~*~ (outnumbered).
 13515 | D:11     | 13515 ||| Stepping ~*~*~tactically~*~*~ (outnumbered).
 13590 | D:11     | 13590 ||| INVOKING Heroism.
 13681 | D:11     | 13681 ||| INVOKING Heroism.
 13683 | D:11     | 13683 ||| Stepping ~*~*~tactically~*~*~ (outnumbered).
 13745 | D:11     | 13745 ||| INVOKING Heroism.
 13933 | D:11     | 13933 ||| INVOKING Heroism.
 13934 | D:11     | 13934 ||| INVOKING Finesse.
 14055 | D:11     | Found a blossoming altar of Fedhas.
 14059 | D:11     | 14059 ||| INVOKING Heroism.
 14060 | D:11     | 14060 ||| INVOKING Finesse.
 14062 | D:11     | HP: 27/127 [oklob plant/splash of acid (9)]
 14063 | D:11     | 14063 ||| READING 6 scrolls of teleportation.
 14063 | D:11     | HP: 5/127 [oklob plant/splash of acid (10)]
 14063 | D:11     | Splashed by an oklob plant's acid

Levels and vault maps discovered:
D:1:      dpeg_arrival_stone_temple_mockup, layout_basic
D:2:      layout_rooms, first_ration
D:3:      layout_basic, uniq_ijyb, uniq_natasha
D:4:      layout_basic, marbit_many_paths, serial_shops, shop, minivault_23,
          minmay_goblin_outpost, uniq_robin
D:5:      layout_rooms
D:6:      layout_basic, gammafunk_ghost_icy, serial_park_tiny_pond
D:7:      layout_loops_ring, minmay_temple_entry_glass, serial_shops, shop,
          nicolae_shop_trees, gammafunk_ghost_grave, the_bakery,
          chequers_serial_rivers_small_3, water_maze_lemuel
D:8:      layout_basic
D:9:      layout_rooms, dpeg_lair_monsters
D:10:     layout_cross, minmay_door_square
D:11:     layout_roguey, chequers_garden, hangedman_tree_tricks
Lair:1:   wad_woods_structure_01, layout_small_grid, basic_altar, uniq_joseph
Lair:2:   layout_gridlike, serial_bayou_lagoon_a, chequers_serial_rivers_micro_a
Lair:3:   layout_misc_corridors, dummy_snake_entry, enter_volcano_3,
          beast_lair_carwin_2
Lair:4:   layout_concentric_octagons, minmay_shoals_entry_beasts,
          grunt_megastairs_2, lemuel_fruit_fields
Lair:5:   layout_regular_city, slime_altar_1, serial_bayou_shore_b

Skill      XL: |  1  2  3  4  5  6  7  8  9 10 11 12 13 |
---------------+----------------------------------------+-----
Shields        | 1 2 3 4 5 7 |  7.7
Unarmed Combat | 4 5 6 7 8 10 11 13 14 15 | 15.0
Invocations    | 3 4 5 8 10 | 10.0
Fighting       | 3 4 5 6 7 8 |  8.0
Armour         | 2 3 4 |  4.0
Dodging        | 3 |  3.0
Stealth        | |  1.0

Action                   |  1- 3 |  4- 6 |  7- 9 | 10-12 | 13-15 || total
-------------------------+-------+-------+-------+-------+-------++-------
Melee: Unarmed           |   114 |   146 |   340 |   450 |   238 ||  1288
       Punch             |     1 |       |       |       |       ||     1
Throw: Large rock        |       |       |    10 |    34 |    18 ||    62
       Boomerang         |       |       |     2 |    53 |    25 ||    80
Invok: Heroism           |       |       |    17 |    17 |    11 ||    45
       Finesse           |       |       |       |     4 |     2 ||     6
  Use: Scroll            |     5 |     5 |     7 |     7 |     4 ||    28
       Potion            |     1 |     1 |     2 |     2 |       ||     6
 Stab: Distracted        |       |       |     1 |       |       ||     1
  Eat: Chunk             |    18 |    14 |    33 |    41 |    25 ||   131
       Ration            |       |       |       |       |     1 ||     1
Armor: Robe              |    31 |    32 |    39 |       |       ||   102
       Fire dragon scale |       |       |    14 |    64 |    96 ||   174
Dodge: Dodged            |    21 |    25 |    46 |    60 |    52 ||   204
Block: Tower shield      |    46 |    70 |   188 |   225 |   186 ||   715
